 Dungeon Crawl Stone Soup version 0.27-a0-46-g34d46f0a3f (webtiles) character file.

Game seed: 8320910098853495020

1432 Inarius the Frost Mage (level 8, -2/87 HPs)
             Began as a Barachi Ice Elementalist on Jan 6, 2021.
             Was a Follower of Vehumet.
             Slain by an ice beast (4 damage)
             ... on level 5 of the Dungeon.
             The game lasted 00:13:56 (6348 turns).

Inarius the Frost Mage (Barachi Ice Elementalist)   Turns: 6348, Time: 00:13:56

Health: -2/87      AC:  3    Str: 11    XL:     8   Next: 73%
Magic:  5/16       EV: 13    Int: 17    God:    Vehumet [*.....]
Gold:   336        SH:  0    Dex: 12    Spells: 2/17 levels left

rFire    + . .     SeeInvis .   b - +2 flail (vorpal)
rCold    . . .     Faith    .   (no shield)
rNeg     . . .     Spirit   .   r - +0 robe (curse)
rPois    .         Reflect  .   (no helmet)
rElec    .         Harm     .   m - +0 cloak
rCorr    .         Rampage  .   (no gloves)
Will     .....                  (no boots)
Stlth    ..........             (no amulet)
HPRegen  0.24/turn              w - ring of protection from fire
MPRegen  0.15/turn              (no ring)

@: berserking, attractive, very slightly contaminated, quick
A: +LOS, swims, slowness 1, strong legs 1
a: Hop, Renounce Religion


You were on level 5 of the Dungeon.
You worshipped Vehumet.
Vehumet was aware of your devotion.
You visited 2 branches of the dungeon, and saw 6 of its levels.

You collected 336 gold pieces.

Inventory:

Hand Weapons
 a - a +1 whip of venom
 b - a +2 vorpal flail (weapon)
Armour
 m - a +0 cloak (worn)
 r - a cursed +0 robe (worn)
 s - a +0 leather armour
 v - a +2 kite shield
Jewellery
 w - a ring of protection from fire (left hand)
Scrolls
 c - a scroll of noise {unknown}
 d - a scroll of enchant armour
 e - a scroll of fog {unknown}
 f - a scroll of remove curse
 h - 2 scrolls of immolation {unknown}
 n - a scroll of enchant weapon {unknown}
 o - 4 scrolls of magic mapping {unknown}
 q - a scroll of teleportation
 t - a scroll of amnesia {unknown}
Potions
 g - a potion of attraction
 j - a potion of flight {unknown}
 k - 2 potions of heal wounds
 l - a potion of cancellation {unknown}
 p - 2 potions of brilliance {unknown}
 u - a potion of mutation {unknown}
 x - a potion of ambrosia {unknown}


   Skills:
 + Level 3.1 Fighting
 + Level 3.7 Dodging
 - Level 1.7 Stealth
 + Level 2.6 Shields
 + Level 5.4 Spellcasting
 * Level 3.7 Conjurations
 * Level 9.5 Ice Magic


You had 2 spell levels left.
You knew the following spells:

 Your Spells              Type           Power        Failure   Level
a - Freeze                Ice            100%         1%          1
b - Frozen Ramparts       Ice            74%          1%          3
c - Hailstorm             Conj/Ice       27%          9%          4
d - Ozocubu's Armour      Ice            37%          1%          3
e - Summon Ice Beast      Ice/Summ       20%          19%         4

Your spell library contained the following spells:

 Spells                   Type           Power        Failure   Level
 Sandblast                Erth           8%           14%         1


Dungeon Overview and Level Annotations

Branches:
Dungeon (5/15)             Temple (1/1) D:5

Altars:
Dithmenos
Elyvilon
Gozag
Makhleb
Nemelex Xobeh
Okawaru
Trog
Vehumet
Wu Jian
Zin
The Shining One

Annotations:
D:3 1 runed translucent door, gruber's ghost, amateur GnWn


Innate Abilities, Weirdness & Mutations

You can be seen from farther away. (+LOS)
You can swim through water.
You cover ground slowly.
You can hop short distances.


Message History

The ice beast closely misses you.
You closely miss the ice beast.
The ice beast is lightly wounded.
The orc hits your ice beast but does no damage.
Your ice beast completely misses the ice beast.
Something bites your ice beast but does no damage.
The ice beast hits you.
* * * LOW HITPOINT WARNING * * *
The ice beast freezes you!
* * * LOW HITPOINT WARNING * * *
You hit the ice beast.
The ice beast is moderately wounded.
The orc barely misses your ice beast.
Your ice beast closely misses the ice beast.
Something bites your ice beast but does no damage.
Unknown command.
You sock the ice beast!
The ice beast is heavily wounded.
The ice beast hits you.
You die...

....##(...#.......###..###..###..
........###.......# ##)####.#_...
.##...##.#.......#####...######..
.................###........#_...
..>.....#.#.##..............##8..
....P....##..###...##....[.......
........##..####.####..8.......##
.....##..#..###....##...........#
................@...#.........##.
..#.......###..Y##......####..#..
.........####..Y.###...###.......
..............o.## ##............
.................# ##..##.......
..............#....# ..##........
..............#....# ....(......
...............##..# ...........
............... ..# #.........


You could see an ice beast, an orc and a friendly ice beast (summoned).

Vanquished Creatures
  Eustachio (D:3)
  2 ogres
  A phantom (D:4)
  A centaur (D:5)
  A bullfrog (D:5)
  2 scorpions
  3 bullfrog zombies (D:5)
  3 centaur zombies (D:5)
  A hound (D:5)
  A jelly (D:5)
  4 orc priests
  A centaur skeleton (D:5)
  3 orc wizards
  Natasha (D:2)
  A worker ant (D:4)
  3 hound zombies (D:5)
  2 worker ant zombies (D:5)
  3 adders
  7 gnolls (D:4)
  A howler monkey skeleton (D:5)
  An ooze (D:2)
  2 adder skeletons (D:5)
  2 adder zombies (D:5)
  3 worms
  2 dart slugs (D:1)
  4 leopard geckos
  4 orcs
  3 ball pythons
  A giant cockroach (D:1)
  4 goblins
  9 hobgoblins
  3 jackals (D:3)
  6 kobolds
  A quokka (D:3)
  9 bats
  A frilled lizard (D:1)
  A giant cockroach zombie (D:5)
  A jackal zombie (D:5)
  A leopard gecko zombie (D:5)
  A quokka skeleton (D:4)
  A quokka zombie (D:5)
  9 rats
111 creatures vanquished.

Notes
Turn   | Place    | Note
-------+----------+-------------------------------------------
     0 | D:1      | Inarius the Barachi Ice Elementalist began the quest for
                  | the Orb.
     0 | D:1      | Reached XP level 1. HP: 13/13 MP: 3/3
    18 | D:1      | Reached skill level 5 in Ice Magic
   357 | D:1      | Reached XP level 2. HP: 19/19 MP: 3/5
   970 | D:1      | Reached XP level 3. HP: 23/24 MP: 3/6
   974 | D:1      | Learned a level 3 spell: Frozen Ramparts
  1661 | D:2      | Noticed Natasha
  1712 | D:2      | Killed Natasha
  1713 | D:2      | Reached skill level 6 in Ice Magic
  1713 | D:2      | Reached XP level 4. HP: 18/31 MP: 4/8
  1968 | D:2      | Reached XP level 5. HP: 22/36 MP: 5/10
  2354 | D:2      | Learned a level 4 spell: Hailstorm
  2492 | D:3      | Found a runed translucent door.
  2492 | D:3      | Noticed gruber's ghost (amateur GnWn)
  2853 | D:3      | Found a faded altar of an unknown god.
  3435 | D:4      | Reached skill level 1 in Fighting
  3435 | D:4      | Reached skill level 7 in Ice Magic
  3668 | D:4      | Reached skill level 1 in Conjurations
  3668 | D:4      | Reached XP level 6. HP: 23/43 MP: 7/11
  3812 | D:4      | Learned a level 3 spell: Ozocubu's Armour
  3851 | D:4      | Noticed Eustachio
  3871 | D:3      | Killed Eustachio
  4034 | D:4      | Found an iron altar of Okawaru.
  4068 | D:4      | Reached XP level 7. HP: 41/48 MP: 9/13
  4347 | D:4      | Reached skill level 8 in Ice Magic
  4960 | D:4      | Reached skill level 1 in Shields
  5095 | D:4      | Found a glowing silver altar of Zin.
  5095 | D:4      | Found a shadowy altar of Dithmenos.
  5097 | D:4      | Found a glowing golden altar of the Shining One.
  5150 | D:5      | Entered Level 5 of the Dungeon
  5174 | D:5      | Found a burning altar of Makhleb.
  5343 | D:5      | Reached XP level 8. HP: 35/56 MP: 8/15
  5430 | D:5      | Reached skill level 5 in Spellcasting
  5479 | D:5      | Found a white marble altar of Elyvilon.
  5482 | D:5      | Found a sparkling altar of Nemelex Xobeh.
  5483 | D:5      | Found a bloodstained altar of Trog.
  5484 | D:5      | Found an ornate altar of the Wu Jian Council.
  5485 | D:5      | Found a radiant altar of Vehumet.
  5489 | D:5      | Found an opulent altar of Gozag.
  5492 | D:5      | Became a worshipper of Vehumet
  5606 | D:5      | Reached skill level 9 in Ice Magic
  5624 | D:5      | Found a staircase to the Ecumenical Temple.
  5789 | Temple   | Entered the Ecumenical Temple
  6319 | D:5      | Learned a level 4 spell: Summon Ice Beast
  6324 | D:5      | Reached * piety under Vehumet
  6324 | D:5      | Offered knowledge of Sandblast by Vehumet.
  6346 | D:5      | HP: 2/87 [ice beast (12)]
  6348 | D:5      | Slain by an ice beast

Illustrated notes

Levels and vault maps discovered:
D:1:      wander_arrival_chamber, layout_basic, roderic_serpentine_path
D:2:      layout_basic, nrook_loot_triangle, uniq_natasha
D:3:      layout_loops_corners, ebering_ghost_sewer_d,
          chequers_ecumenical_altar_simple
D:4:      cheibrodos_quashed, layout_rooms, nicolae_overflow_hidden_temple,
          okawaru_gym_becter, fountainhead, uniq_eustachio
D:5:      layout_cave_pools, minitemple, makhleb_heckhound_becter,
          minmay_temple_entry_hall, serial_undead, serial_undead_d,
          serial_undead_a, serial_undead_a, serial_undead_d, serial_undead_e,
          serial_undead_e, serial_undead_e, hangedman_decor_points
Temple:   corrupted_temple

Skill      XL: |  1  2  3  4  5  6  7  8 |
---------------+-------------------------+-----
Ice Magic      | 5 6 7 8 9 |  9.5
Spellcasting   | 3 4 5 |  5.4
Fighting       | 1 2 3 |  3.1
Conjurations   | 1 2 3 |  3.7
Dodging        | 3 |  3.7
Shields        | 1 2 |  2.6
Stealth        | |  1.7

Action                   |  1- 3 |  4- 6 |  7- 9 || total
-------------------------+-------+-------+-------++-------
Melee: Club              |     6 |       |       ||     6
       Unarmed           |     1 |       |       ||     1
       Short sword       |    27 |    53 |     5 ||    85
       Flail             |       |       |   109 ||   109
       Whip              |       |       |    31 ||    31
 Cast: Freeze            |    28 |    14 |     4 ||    46
       Frozen Ramparts   |     4 |    13 |    24 ||    41
       Ozocubu's Armour  |       |     1 |     5 ||     6
       Hailstorm         |       |       |     5 ||     5
       Summon Ice Beast  |       |       |     1 ||     1
  Use: Scroll            |       |     6 |     1 ||     7
       Potion            |       |       |     3 ||     3
 Stab: Sleeping          |     4 |     1 |       ||     5
Armor: Robe              |    12 |    12 |    66 ||    90
Dodge: Dodged            |    53 |    56 |   141 ||   250

Table legend: (Time is in decaauts)
 A = Elapsed time spent in this place.
 B = Non-inter-level travel time spent in this place.
 C = Inter-level travel time spent in this place.
 D = Time resting spent in this place.
 E = Time spent auto-exploring this place.
 F = Levels seen in this place.
 G = Mean time per level.
                   A        B        C        D        E       F      G
               +--------+--------+--------+--------+--------+-----+--------+
         Total |   6943 |   6770 |    173 |   2319 |   3040 |   6 | 1157.2 |
       Dungeon |   6601 |   6428 |    173 |   2016 |   3040 |   5 | 1320.2 |
        Temple |    341 |    341 |      0 |    303 |      0 |   1 |  341.0 |
               +--------+--------+--------+--------+--------+-----+--------+

Top non-repeatable levels by time:
     D:4: 1693 daAuts
     D:1: 1567 daAuts
     D:3: 1301 daAuts
     D:2: 1089 daAuts
     D:5: 949 daAuts
  Temple: 341 daAuts
